 Dungeon Crawl Stone Soup version 0.25-a0-949-gdd2af9e06e (webtiles) character file.

Game seed: 8337359062034064614, levelgen mode: deterministic

319 Gwenloh the Poker (level 6, -1/47 HPs)
             Began as a Merfolk Skald on May 8, 2020.
             Killed from afar by an orc wizard (6 damage)
             ... with a magic dart
             ... on level 4 of the Dungeon.
             The game lasted 00:15:46 (4255 turns).

Gwenloh the Poker (Merfolk Skald)                   Turns: 4255, Time: 00:15:46

Health: -1/47      AC:  4    Str: 11    XL:     6   Next: 46%
Magic:  10/10      EV: 14    Int: 15    God:
Gold:   126        SH:  0    Dex: 13    Spells: 5/10 levels left

rFire    . . .     SeeInvis .   a - +1 spear
rCold    . . .     Gourm    .   (no shield)
rNeg     . . .     Faith    .   b - +0 leather armour
rPois    .         Spirit   .   (no helmet)
rElec    .         Reflect  .   (no cloak)
rCorr    .         Harm     .   (no gloves)
MR       .....                  l - +0 pair of boots
Stlth    +.........             (no amulet)
HPRegen  0.15/turn              (no ring)
MPRegen  0.12/turn              (no ring)

@: slowed, very slow
A: change form in water, swift swim, stealthy swim
a: no special abilities


You were on level 4 of the Dungeon.
You were very hungry.

You visited 1 branch of the dungeon, and saw 4 of its levels.

You collected 126 gold pieces.

Inventory:

Hand Weapons
 a - a +1 spear (weapon)
Missiles
 c - 60 stones
 m - 4 boomerangs (quivered)
 p - 23 sling bullets
Armour
 b - a +0 leather armour (worn)
 l - a +0 pair of boots (worn)
 q - a +2 robe of positive energy
Scrolls
 e - a scroll of remove curse
 h - a scroll of identify
 j - 2 scrolls of immolation
 k - a scroll of teleportation
 r - a scroll of random uselessness {unknown}
Potions
 f - a potion of heal wounds {unknown}
 g - a potion of magic {unknown}
 i - a potion of resistance {unknown}
 n - 2 potions of brilliance {unknown}
 s - a potion of degeneration {unknown}
Comestibles
 d - 5 rations


   Skills:
 + Level 3.2 Fighting
 * Level 5.1 Polearms
 - Level 0.6 Armour
 * Level 4.7 Dodging
 + Level 2.7 Spellcasting
 * Level 4.6 Charms
 + Level 1.2 Translocations


You had 5 spell levels left.
You knew the following spells:

 Your Spells              Type           Power        Failure   Level  Hunger
a - Infusion              Chrm           ###.         4%          1    #......
b - Song of Slaying       Chrm           ###.....     6%          2    ##.....
c - Shroud of Golubria    Chrm/Tloc      ##....       12%         2    ##.....

Your spell library contained the following spells:

 Spells                   Type           Power        Failure   Level  Hunger
 Ozocubu's Armour         Chrm/Ice       #.......     32%         3    ###....
 Spectral Weapon          Hex/Chrm       #.......     32%         3    ###....


Dungeon Overview and Level Annotations

Branches:
Dungeon (4/15)
 Temple: D:4-7

Altars:
Gozag
Kikubaaqudgha


Message History

You completely miss something. You hit something.
Something hits you but does no damage.
You hit something.
The orc wizard casts a spell.
The orc wizard blinks!
Something hits you.
* * * LOW HITPOINT WARNING * * *
The orc wizard gestures at you while chanting.
The magic dart hits something!
Reactivating autopickup.
You feel a bit more experienced.
The orc wizard gestures at you while chanting.
The magic dart hits you!
* * * LOW HITPOINT WARNING * * *
The orc wizard gestures wildly while chanting.
The orc wizard blinks!
The orc wizard casts a spell at you.
You feel yourself slow down.
The orc wizard gestures at you while chanting.
The magic dart hits you.
You die...

#.# ### #.# ##.##
######.# ##.#.###.......
##########.###.##.###.##
#..........#......# #.#
##.###..###.#.#.##.###.#
#.......###....###.....#
#..##...@##.#.## ###.###
#..##<...##.#.# #.#
#.....[.......# #.##
#......o####### #..#
#.#>##.##
###.#######.### #......#
#.....##....... ###.####
##.?...##.....## #.#
#.....<......... #.#
##.....##......#


You could see an orc wizard.

Vanquished Creatures
  Sigmund (D:4)
  A crimson imp (D:3)
  2 adders
  An ooze (D:3)
  3 worms
  2 dart slugs
  3 leopard geckos
  4 orcs
  6 bats
  A bat zombie (D:3)
  4 giant cockroaches
  7 goblins
  4 hobgoblins
  12 jackals
  3 kobolds
  2 quokkas
  A ball python (D:2)
  8 frilled lizards
  3 rats
  3 rat zombies (D:3)
71 creatures vanquished.

Vanquished Creatures (others)
  An orc wizard (D:4)
1 creature vanquished.

Grand Total: 72 creatures vanquished

Notes
Turn   | Place    | Note
-------+----------+-------------------------------------------
     0 | D:1      | Gwenloh the Merfolk Skald began the quest for the Orb.
     0 | D:1      | Reached XP level 1. HP: 16/16 MP: 3/3
   152 | D:1      | Reached XP level 2. HP: 11/22 MP: 0/5
   303 | D:1      | Learned a level 2 spell: Song of Slaying
   306 | D:1      | Learned a level 2 spell: Shroud of Golubria
   715 | D:1      | Reached XP level 3. HP: 28/28 MP: 0/6
  1729 | D:2      | Found an opulent altar of Gozag.
  1906 | D:2      | Reached XP level 4. HP: 30/34 MP: 7/7
  2470 | D:3      | Reached skill level 4 in Polearms
  3276 | D:3      | Found an ancient bone altar of Kikubaaqudgha.
  3375 | D:4      | Noticed Sigmund
  3388 | D:4      | Killed Sigmund
  3388 | D:4      | Reached skill level 5 in Polearms
  3388 | D:4      | Reached skill level 1 in Translocations
  3388 | D:4      | Reached XP level 5. HP: 24/41 MP: 0/8
  3388 | D:4      | Reached XP level 6. HP: 28/47 MP: 0/9
  4236 | D:4      | HP: 2/47 [orc wizard/magic dart (7)]
  4255 | D:4      | Killed from afar by an orc wizard

Levels and vault maps discovered:
D:1:      dpeg_arrival_more_subterranean_lakeside_camping, layout_basic
D:2:      layout_loops_corners, nicolae_gozag_cash_rules_everything_around_me,
          minmay_misc_feat_x, hangedman_decor_clover_reticule, minivault_4
D:3:      layout_rooms, lemuel_zombie_altar_kikubaaqudgha
D:4:      layout_loops_cross, ebering_ghost_rock_garden, uniq_sigmund

Skill      XL: |  1  2  3  4 |
---------------+-------------+-----
Dodging        | 3 4 |  4.7
Polearms       | 5 |  5.1
Fighting       | 3 |  3.2
Charms         | 4 |  4.6
Translocations | 1 |  1.2
Armour         | |  0.6
Spellcasting   | |  2.7

Action                   |  1- 3 |  4- 6 || total
-------------------------+-------+-------++-------
Melee: Spear             |   122 |   217 ||   339
       Tailslap          |       |     3 ||     3
Throw: Stone             |     8 |     4 ||    12
       Boomerang         |       |    22 ||    22
 Cast: Infusion          |     6 |     6 ||    12
       Shroud of Golubri |     2 |     3 ||     5
  Use: Scroll            |       |     7 ||     7
  Eat: Chunk             |     3 |     7 ||    10
Armor: Leather armour    |    12 |    39 ||    51
Dodge: Dodged            |    62 |   101 ||   163

Table legend:
 A = Non-vault XP
 B = Vault XP
 C = Vault XP percentage of total XP
 D = Non-vault monster count
 E = Vault monster count
 F = Vault count percentage of total count
                 A         B        C        D         E       F
            +---------+---------+-------+---------+---------+-------
      Total |     240 |     217 |  47.5 |      67 |       5 |   6.9
            +---------+---------+-------+---------+---------+-------
        D:1 |      44 |       0 |   0.0 |      24 |       0 |   0.0
        D:2 |      49 |       0 |   0.0 |      16 |       0 |   0.0
        D:3 |     104 |       5 |   4.6 |      21 |       4 |  16.0
        D:4 |      43 |     212 |  83.1 |       6 |       1 |  14.3
            +---------+---------+-------+---------+---------+-------
